 Dungeon Crawl Stone Soup version 0.17.1-3-g152610e (webtiles) character file.

114 inmateoo the Vexing (level 4, 0/31 HPs)
             Began as a Vampire Enchanter on Feb 17, 2016.
             Slain by a worker ant zombie (5 damage)
             ... on level 4 of the Dungeon.
             The game lasted 00:03:40 (1896 turns).

inmateoo the Vexing (Vampire Enchanter)             Turns: 1896, Time: 00:03:40

Health: 0/31       AC:  6    Str:  7    XL:     4   Next: 67%
Magic:  5/7        EV: 13    Int: 17    God:
Gold:   134        SH:  0    Dex: 15    Spells: 2 memorised, 4 levels left

rFire  . . .     SeeInvis +     a - +1 dagger
rCold  . . .     Clarity  .     b - +1 robe
rNeg   . . .     SustAt   .     (no shield)
rPois  .         Gourm    .     (no helmet)
rElec  .         Spirit   .     e - +2 cloak
rCorr  .         Warding  .     (no gloves)
rMut   .         Stasis   .     (no boots)
MR     .....                    (no amulet)
Stlth  +++.......               (no ring)
                                l - ring of invisibility

@: regenerating quickly, not resistant to hostile enchantments, fairly stealthy
A: fangs 3, see invisible, unbreathing
a: Evoke Invisibility


You were on level 4 of the Dungeon.
You were very full.

You visited 1 branch of the dungeon, and saw 4 of its levels.

You collected 134 gold pieces.

Inventory:

Hand Weapons
 a - a +1 dagger (weapon)
Missiles
 n - a throwing net (quivered)
Armour
 b - a +1 robe (worn)
 e - a +2 cloak (worn)
Jewellery
 l - a ring of invisibility (left hand)
 m - an uncursed ring of ice
Scrolls
 g - a scroll of enchant weapon {unknown}
 h - 5 scrolls of fear {unknown}
 i - 2 scrolls of remove curse {unknown}
 j - a scroll of immolation {unknown}
 q - 3 scrolls of recharging {unknown}
 r - a scroll of teleportation {unknown}
Potions
 d - a potion of blood
 f - a potion of curing {unknown}
 k - 2 potions of flight {unknown}
 o - a potion of beneficial mutation {unknown}
 p - 2 potions of cancellation {unknown}
 s - a potion of lignification {unknown}
Books
 c - a book of Maledictions

   Spells                             Type                      Level
   a - Corona                         Hexes                        1
   b - Ensorcelled Hibernation        Hexes/Ice                    2
   c - Confuse                        Hexes                        3
   d - Tukima's Dance                 Hexes                        3
   e - Dazzling Spray                 Conjuration/Hexes            3


   Skills:
 + Level 0.3 Fighting
 + Level 2.0 Short Blades
 + Level 0.1 Throwing
 + Level 2.9 Dodging
 + Level 5.3 Stealth
 + Level 2.2 Spellcasting
 * Level 6.0 Hexes
 + Level 0.5 Evocations


You had 4 spell levels left.
You knew the following spells:

 Your Spells              Type           Power        Failure   Level  Hunger
a - Corona                Hex            ###....      1%          1    #......
b - Ensorcelled Hibernat  Hex/Ice        ##....       10%         2    ###....


Dungeon Overview and Level Annotations

Branches:
Dungeon (4/15)
 Temple: D:4-7

Altars:


Innate Abilities, Weirdness & Mutations

Your natural rate of healing is unusually fast.
You have razor-sharp teeth.
You have supernaturally acute eyesight.
You can survive without breathing.


Message History

You hit the worker ant zombie but do no damage.
The worker ant zombie closely misses you.
You hit the worker ant zombie.
You bite the worker ant zombie, but do no damage.
The worker ant zombie closely misses you.
You hit the worker ant zombie. The worker ant zombie bites you.
* * * LOW HITPOINT WARNING * * *
You hit the worker ant zombie.
The worker ant zombie closely misses you.
You hit the worker ant zombie. The worker ant zombie bites you.
* * * LOW HITPOINT WARNING * * *
You hit the worker ant zombie but do no damage.
The worker ant zombie bites you but does no damage.
You hit the worker ant zombie.
The worker ant zombie closely misses you.
You hit the worker ant zombie.
The worker ant zombie bites you but does no damage.
You hit the worker ant zombie but do no damage.
The worker ant zombie bites you.
You die...

.<.. # .#.#.##
##.# ..... .#.
#....## ..
#.....# .#
.>.#.###.##
#.#.Z@...##
#....###..##
#<....Z....#
##...#.....#
#............
#.(###........
..... ......#.
.###.# ###.#.#
# #.# .# .


You could see a worker ant zombie.

Vanquished Creatures
  5 adders
  A gnoll (D:1)
  3 worms
  2 orcs (D:3)
  2 bats
  7 hobgoblins
  5 kobolds
  A giant cockroach (D:3)
  A giant gecko zombie (D:4)
  4 giant newts (D:1)
  16 goblins
  A quokka zombie (D:4)
  10 rats
58 creatures vanquished.

Notes
Turn   | Place    | Note
--------------------------------------------------------------
     0 | D:1      | inmateoo the Vampire Enchanter began the quest for the Orb.
     0 | D:1      | Reached XP level 1. HP: 13/13 MP: 3/3
    70 | D:1      | Reached XP level 2. HP: 19/19 MP: 5/5
    76 | D:1      | Learned a level 2 spell: Ensorcelled Hibernation
   485 | D:1      | Reached skill level 5 in Hexes
   485 | D:1      | Reached XP level 3. HP: 24/24 MP: 3/6
  1110 | D:2      | Reached skill level 5 in Stealth
  1110 | D:2      | Reached XP level 4. HP: 30/30 MP: 4/7
  1708 | D:3      | Reached skill level 6 in Hexes
  1896 | D:4      | Slain by a worker ant zombie

Action                   |  1- 3 |  4- 6 || total
-------------------------+-------+-------++-------
Melee: Dagger            |    65 |    72 ||   137
 Cast: Ensorcelled Hiber |     2 |     3 ||     5
 Stab: Sleeping          |    14 |    10 ||    24
       Distracted        |       |     1 ||     1
  Eat: Corpse            |    11 |     6 ||    17
